 Dungeon Crawl Stone Soup version 0.29.1-15-g9cfb28693d (webtiles) character file.

Game seed: 1224935443487690327

117 nachturnus the Slasher (level 4, 0/37 HPs)
             Began as a Demigod Fighter on Feb 7, 2023.
             Slain by an orc priest
             ... wielding a +0 club
              (2 damage)
             ... on level 3 of the Dungeon on Mar 16, 2023.
             The game lasted 00:05:33 (3047 turns).

nachturnus the Slasher (Demigod Fighter)            Turns: 3047, Time: 00:05:33

Health: 0/37       AC:  7    Str: 21    XL:     4   Next: 44%
Magic:  6/6        EV:  9    Int: 10    God:
Gold:   169        SH:  4    Dex: 13    Spells: 3/3 levels left

rFire   . . .      SeeInvis .   a - +1 long sword
rCold   . . .      Faith    .   c - +0 buckler
rNeg    . . .      Spirit   .   b - +0 scale mail
rPois   .          Reflect  .   g - +0 helmet
rElec   .          Harm     .   (no cloak)
rCorr   .          Rampage  .   (no gloves)
Will    .....                   (no boots)
Stlth   ..........              q - amulet of the acrobat
HPRegen 0.12/turn               (no ring)
MPRegen 0.10/turn               (no ring)

@: no status effects
A: high MP 1, forlorn, divine attributes
a: no special abilities


You were on level 3 of the Dungeon.
You visited 1 branch of the dungeon, and saw 3 of its levels.

You collected 169 gold pieces.

Inventory:

Hand Weapons
 a - a +1 long sword (weapon)
Armour
 b - a +0 scale mail (worn)
 c - a +0 buckler (worn)
 g - a +0 helmet (worn)
Jewellery
 q - an amulet of the acrobat (around neck)
Wands
 r - a wand of polymorph (16)
Scrolls
 e - 2 scrolls of teleportation
 k - 3 scrolls of butterflies
 n - a scroll of fear
Potions
 d - a potion of might
 f - a potion of curing {unknown}
 i - a potion of mutation {unknown}
 j - 2 potions of haste {unknown}
 l - a potion of brilliance {unknown}
 m - a potion of magic {unknown}
 o - a potion of invisibility {unknown}
 p - a potion of degeneration {unknown}
 s - a potion of berserk rage {unknown}


   Skills:
 - Level 2.6 Fighting
 + Level 4.5 Long Blades
 - Level 2.6 Armour
 - Level 2.6 Shields


You had 3 spell levels left.
You didn't know any spells.
Your spell library contained the following spells:

 Spells                   Type           Power      Damage    Failure   Level
 Freeze                   Ice            0%         1d3       80%         1
 Ensorcelled Hibernation  Hex/Ice        0%         N/A       91%         2
 Passwall                 Tmut/Erth      0%         N/A       91%         2
 Frozen Ramparts          Ice            0%         1d1       99%         3
 Swiftness                Air            0%         N/A       99%         3
 Hailstorm                Conj/Ice       0%         3d3       100%        4


Dungeon Overview and Level Annotations

Branches:
Dungeon (3/15)


Innate Abilities, Weirdness & Mutations

You have an increased reservoir of magic. (+10% MP)
You shall have no god before yourself.
Your divine heritage dramatically boosts your attributes as you level up.


Message History

A magic dart appears from out of thin air!
The magic dart hits you.
You barely miss something. The orc barely misses you.
The orc priest invokes the aid of Beogh against you.
Pain shoots through your body!
You hear some strange, mumbled words.
A magic dart appears from out of thin air!
The magic dart hits you!
* * * LOW HITPOINT WARNING * * *
You closely miss something. The orc hits you but does no damage.
The orc priest barely misses you.
You hear some strange, mumbled words.
A puff of flame appears from out of thin air!
The puff of flame hits you.
* * * LOW HITPOINT WARNING * * *
You barely miss something. The orc closely misses you.
The orc priest barely misses you. Something hits you but does no damage.
The orc hits you with a +0 whip.
* * * LOW HITPOINT WARNING * * *
The orc priest hits you but does no damage.
Something hits you but does no damage.
You feel much better. The orc hits you but does no damage.
You block the orc priest's attack. Something hits you.
You miss something. The orc hits you but does no damage.
The orc priest barely misses you. Something hits you.
You barely miss something. The orc closely misses you.
The orc priest hits you with a +0 club. Something hits you.
You closely miss something. The orc barely misses you.
The orc priest misses you. Something hits you but does no damage.
The orc hits you but does no damage. You block the orc priest's attack.
You block something's attack.
You closely miss something. The orc barely misses you.
The orc priest calls down the wrath of Beogh upon you.
Pain shoots through your body!
* * * LOW HITPOINT WARNING * * *
Something hits you but does no damage.
You hit something. The orc hits you with a +0 whip.
* * * LOW HITPOINT WARNING * * *
The orc priest hits you with a +0 club.
You die...

#. #. #########.
#.......[.
###############.#######.
>...................# #.
.#####.#######.###.# #.
#.#####.#######.###.###.
#.....o@o...............
#.#####{#######.#####...
#o# #.# ##..
#.#######.### #.. #..
........####.. ...
.............. ...
....#.#.#####.
#######.#.#.# #.
......†.#.#.#####.


You could see an orc priest and 2 orcs.

Vanquished Creatures
  7 adders
  An orc (D:3)
  3 bats
  4 endoplasms
  3 giant cockroaches
  5 goblins (D:1)
  5 hobgoblins
  3 quokkas
  4 ball pythons
  2 frilled lizards
  9 kobolds
  8 rats
54 creatures vanquished.

Notes
Turn   | Place    | Note
-------+----------+-------------------------------------------
     0 | D:1      | nachturnus the Demigod Fighter began the quest for the Orb.
     0 | D:1      | Reached XP level 1. HP: 18/18 MP: 3/3
    41 | D:1      | Reached skill level 2 in Long Blades
   238 | D:1      | Reached XP level 2. HP: 25/25 MP: 4/4
   610 | D:1      | Reached skill level 3 in Long Blades
  1598 | D:2      | Reached XP level 3. HP: 27/30 MP: 5/5
  2259 | D:2      | Upgraded the game from 0.29.1-13-g9f3cf754e1 to
                  | 0.29.1-14-g9c671dbff4
  2259 | D:2      | Upgraded the game from 0.29.1-14-g9c671dbff4 to
                  | 0.29.1-15-g9cfb28693d
  2342 | D:3      | Reached skill level 4 in Long Blades
  2585 | D:3      | Reached XP level 4. HP: 37/37 MP: 6/6
  3047 | D:3      | Slain by an orc priest

Illustrated notes

Levels and vault maps discovered:
D:1:      sevenhm_arrival_forest_fort_small_5, layout_loops_ring,
          shapermc_ecumenical_altar_gd, minivault_5, kennysheep_another_room
D:2:      layout_loops_ring
D:3:      layout_basic

Skill      XL: |  1  2  3 |
---------------+----------+-----
Long Blades    | 2 3 4 |  4.5
Fighting       | |  2.6
Armour         | |  2.6
Shields        | |  2.6

Action                   |  1- 3 |  4- 6 || total
-------------------------+-------+-------++-------
Melee: Long sword        |   149 |    63 ||   212
  Use: Scroll            |    10 |       ||    10
       Potion            |       |     3 ||     3
Armor: Scale mail        |    64 |    43 ||   107
Dodge: Dodged            |    58 |    35 ||    93
Block: Buckler           |    30 |    18 ||    48
